 Dungeon Crawl Stone Soup version 0.17.1-1-g73c8601 (webtiles) character file.

70 JustSomeDude the Insei (level 4, 0/35 HPs)
             Began as a Demonspawn Monk on Dec 25, 2015.
             Succumbed to poison (a potion of poison)
             ... on level 2 of the Dungeon.
             The game lasted 00:03:29 (1024 turns).

JustSomeDude the Insei (Demonspawn Monk)            Turns: 1024, Time: 00:03:30

Health: 0/35       AC:  8    Str: 11    XL:     4   Next: 3%
Magic:  4/4        EV:  5    Int: 17    God:
Gold:   65         SH:  0    Dex: 16    Spells: 0 memorised, 3 levels left

rFire  . . .     SeeInvis .     e - +2 dagger (venom)
rCold  . . .     Clarity  .     p - +0 chain mail
rNeg   . . .     SustAt   .     (no shield)
rPois  .         Gourm    .     (helmet restricted)
rElec  .         Spirit   .     (no cloak)
rCorr  .         Warding  .     (no gloves)
rMut   .         Stasis   .     (no boots)
MR     .....                    (no amulet)
Stlth  ..........               (no ring)
                                (no ring)

@: brilliant, lethally poisoned (0 -> -11), not resistant to hostile
enchantments, extremely unstealthy
A: horns 1, talons 2
a: no special abilities


You were on level 2 of the Dungeon.
You were hungry.

You visited 1 branch of the dungeon, and saw 2 of its levels.

You collected 65 gold pieces.

Inventory:

Hand Weapons
 e - a +2 dagger of venom (weapon)
 g - a +0 hand axe
 o - a +0 trident
Armour
 a - a +0 robe
 d - a +2 helmet
 p - a +0 chain mail (worn)
Scrolls
 f - a scroll of teleportation {unknown}
 j - 2 scrolls of identify {unknown}
 l - a scroll of magic mapping {unknown}
 m - a scroll of fog {unknown}
Potions
 n - a potion of poison
Comestibles
 b - 2 bread rations
 c - 2 beef jerkies
 h - a meat ration


   Skills:
 + Level 3.5 Fighting
 + Level 0.5 Polearms
 + Level 0.3 Armour
 + Level 3.3 Dodging
 + Level 1.7 Stealth
 + Level 4.2 Unarmed Combat


You had 3 spell levels left.
You didn't know any spells.

Dungeon Overview and Level Annotations

Branches:
Dungeon (2/15)

Altars:

Annotations:
D:2 Robin


Innate Abilities, Weirdness & Mutations

You have a pair of small horns on your head.
You have razor-sharp toenails.


Message History

You feel less confused.
* * * LOW HITPOINT WARNING * * *
You feel sick.
Robin hits you with a spear of freezing.
* * * LOW HITPOINT WARNING * * *
Robin freezes you.
* * * LOW HITPOINT WARNING * * *
You are too injured to fight recklessly!
You are too injured to fight recklessly!
You are too injured to fight recklessly!
Unknown command.
* * * LOW HITPOINT WARNING * * *
You feel sick.
Robin zaps a wand.
You resist with some effort.
* * * LOW HITPOINT WARNING * * *
You feel sick.
Robin zaps a wand.
You resist with some effort.
* * * LOW HITPOINT WARNING * * *
You feel sick.
Robin zaps a wand.
You resist with some effort.
* * * LOW HITPOINT WARNING * * *
You feel sick.
Robin zaps a wand.
You resist with some effort.
You die...

......# #.# ......# #.#
......# #.# ..#.### #.#
#.#.# #.###########
#.#.# #.#..........
#.#.#####.#.#########
.............###########
#.#.#####.#...††@gg.....
#.#.# #.##.###########
#.#.# #....# #.#.#
###### ..#.# #.#.# ###.#


You could see Robin and a hobgoblin (frenzied).

Vanquished Creatures
  Terence (D:2)
  2 adders (D:2)
  5 bats (D:1)
  7 goblins
  4 hobgoblins (D:1)
  4 kobolds
  2 giant cockroaches
  A giant newt (D:1)
  A rat (D:1)
27 creatures vanquished.

Notes
Turn   | Place    | Note
--------------------------------------------------------------
     0 | D:1      | JustSomeDude the Demonspawn Monk began the quest for the Orb.
     0 | D:1      | Reached XP level 1. HP: 18/18 MP: 1/1
   183 | D:1      | Gained mutation: You have sharp toenails. [demonic ancestry]
   183 | D:1      | Reached XP level 2. HP: 12/24 MP: 2/2
   880 | D:2      | Noticed Terence
   907 | D:2      | Killed Terence
   907 | D:2      | Reached skill level 4 in Unarmed Combat
   907 | D:2      | Gained mutation: You have razor-sharp toenails. [demonic ancestry]
   907 | D:2      | Reached XP level 3. HP: 26/29 MP: 3/3
   998 | D:2      | Noticed Robin
  1003 | D:2      | Gained mutation: You have a pair of small horns on your head. [demonic ancestry]
  1003 | D:2      | Reached XP level 4. HP: 27/35 MP: 4/4
  1023 | D:2      | HP: 1/35 [poison (a potion of poison)]
  1024 | D:2      | Succumbed to poison (a potion of poison)

Action                   |  1- 3 |  4- 6 || total
-------------------------+-------+-------++-------
Melee: Unarmed           |    14 |       ||    14
       Spear             |    95 |       ||    95
       Trident           |    33 |       ||    33
       Hand axe          |     1 |       ||     1
       Dagger            |       |     5 ||     5
  Use: Potion            |       |     3 ||     3
